AoeStats
← Iguano Pop

Arabia

506293851Analyzed
1v1 RM · 19d ago on Sep 13, 2026· 29m 1s· 2 players
Game mode
Random Map
Map size
Tiny (2 player)
Population
200
Speed
Normal
Resources
Standard
Victory
Conquest
Starting age
Dark Age
Ending age
Imperial Age
RankedLock teamsTeams togetherTeam positionsShared explorationLock speedFull tech treeHidden civsTurbo modeCheats
Victory
Defeat
🇲🇽 Britons · Mexico
1293
+17
🇺🇸 Burmese · United States
1310
-17
Iguano Pop
8:15 Loom
10:41 Feudal Age
11:03 Man-at-Arms
18:08 Fletching
22:34 Padded Archer Armor
28:37 Castle Age
28:55 Crossbowman
29:31 Bodkin Arrow
Barracks Obama
7:25 Loom
9:34 Feudal Age
12:52 Man-at-Arms
23:01 Padded Archer Armor
23:59 Town Watch
24:07 Fletching
Connection lost

Rejoining the realm…

Still unreachable

The connection could not be restored.

Session expired

The server has moved on; the page needs a fresh start.